 Dungeon Crawl Stone Soup version 0.20.0-8-g6b59dc7 (webtiles) character file.

70 Gorglomux the Sneak (level 4, -4/40 HPs)
             Began as a Naga Wanderer on May 31, 2017.
             Killed from afar by Natasha (7 damage)
             ... with a magic dart
             ... on level 3 of the Dungeon.
             The game lasted 00:05:38 (1935 turns).

Gorglomux the Sneak (Naga Wanderer)                 Turns: 1935, Time: 00:05:39

Health: -4/40      AC:  4    Str: 13    XL:     4   Next: 21%
Magic:  4/4        EV: 13    Int: 14    God:
Gold:   95         SH:  0    Dex: 16    Spells: 3/3 levels left

rFire    . . .     SeeInvis +   b - +0 quarterstaff
rCold    . . .     Gourm    .   (shield currently unavailable)
rNeg     . . .     Faith    .   I - +0 ring mail
rPois    +         Spirit   .   (no helmet)
rElec    .         Reflect  .   (no cloak)
rCorr    .         Harm     .   N - +0 pair of gloves
MR       .....                  (no barding)
Stlth    +++.......             (no amulet)
Regen    0.2/turn               (no ring)
MPRegen  0.1/turn               (no ring)

@: agile, very slow
A: see invisible, deformed body, poison resistance, slowness 2, slow metabolism
1, spit poison 1, AC +1
a: Spit Poison


You were on level 3 of the Dungeon.
You were not hungry.

You visited 1 branch of the dungeon, and saw 3 of its levels.

You collected 95 gold pieces.

Inventory:

Hand Weapons
 b - a +0 quarterstaff (weapon)
 e - a +0 dagger
Missiles
 Y - 6 tomahawks (quivered)
Armour
 d - a +0 robe
 I - a +0 ring mail (worn)
 N - a +0 pair of gloves (worn)
Scrolls
 J - 2 scrolls of identify {unknown}
 K - a scroll of noise {unknown}
 M - a scroll of magic mapping
 P - a scroll of blinking {unknown}
 S - a scroll of recharging {unknown}
 T - a scroll of teleportation
 X - a scroll of remove curse {unknown}
 Z - a scroll of immolation {unknown}
Potions
 O - a potion of invisibility {unknown}
 Q - 4 potions of curing
 R - a potion of heal wounds {unknown}
 U - a potion of agility
 V - 3 potions of flight {unknown}
 W - a potion of brilliance {unknown}
Books
 a - a book of Callings

   Spells                             Type                      Level
   a - Summon Small Mammal            Summoning                    1
   b - Call Imp                       Summoning                    2
   c - Call Canine Familiar           Summoning                    3
   d - Summon Guardian Golem          Hexes/Summoning              3
   e - Summon Lightning Spire         Summoning/Air                4
   f - Summon Ice Beast               Ice/Summoning                4
Comestibles
 f - 3 bread rations
 z - 2 meat rations
 H - 4 chunks of flesh
 L - 3 fruits


   Skills:
 + Level 2.9 Fighting
   Level 2.0(2.5) Polearms
 + Level 2.3(2.7) Staves
 - Level 1.0 Dodging
 - Level 3.0 Stealth
   Level 1.0 Summonings
   Level 2.6 Poison Magic
   Level 1.0 Evocations


You had 3 spell levels left.
You didn't know any spells.

Dungeon Overview and Level Annotations

Branches:
Dungeon (3/15)

Altars:

Annotations:
D:3 Natasha


Innate Abilities, Weirdness & Mutations

You cannot wear boots.
Your serpentine skin is tough. (AC +1)
You have supernaturally acute eyesight. (SInv)
Armour fits poorly on your strangely shaped body.
Your system is resistant to poisons. (rPois)
You cover ground very slowly.
You have a slow metabolism.
You can spit poison.


Message History

Natasha is moderately wounded.
The giant cockroach barely misses you. Natasha claws you!
* * * LOW HITPOINT WARNING * * *
You hit Natasha.
Natasha is heavily wounded.
The white imp disappears in a puff of smoke!
The giant cockroach barely misses you. Natasha closely misses you.
The giant cockroach barely misses you.
Unknown command.
You closely miss Natasha.
Natasha is heavily wounded.
The giant cockroach closely misses you. Natasha claws you.
* * * LOW HITPOINT WARNING * * *
You completely miss Natasha.
Natasha is heavily wounded.
The iron imp disappears in a puff of smoke!
The giant cockroach barely misses you.
Natasha stares at you and mumbles some strange words.
The magic dart hits you!
You die...

.# ##.# #####...#
#........$ #.h§.....
#@#.#.#.# #s#.#.#.#.#
#K...5.....
#...5.#...#.
#.....#.#.#..
#######..........#####
#...........).........
#.....###.#.#.#.......
#.(...# #.#.# #####...


You could see Natasha, a giant cockroach and a kobold.

Vanquished Creatures
  2 adders
  A dart slug (D:3)
  4 bats
  4 giant cockroaches
  6 hobgoblins
  5 jackals
  3 kobolds
  A quokka (D:2)
  2 frilled lizards (D:1)
  8 goblins
  9 rats
45 creatures vanquished.

Vanquished Creatures (others)
  A goblin (D:1)
1 creature vanquished.

Grand Total: 46 creatures vanquished

Notes
Turn   | Place    | Note
-------+----------+-------------------------------------------
     0 | D:1      | Gorglomux the Naga Wanderer began the quest for the Orb.
     0 | D:1      | Gorglomux set off with: a book of Callings, a +0 quarterstaff, a +0 robe, a +0 dagger, a bread ration, a scroll of teleportation
     0 | D:1      | Reached XP level 1. HP: 18/18 MP: 1/1
   146 | D:1      | Reached skill level 1 in Staves
   204 | D:1      | Reached XP level 2. HP: 19/25 MP: 2/2
   994 | D:2      | Reached XP level 3. HP: 27/32 MP: 3/3
  1804 | D:3      | Reached XP level 4. HP: 32/40 MP: 4/4
  1914 | D:3      | Noticed Natasha
  1935 | D:3      | Killed from afar by Natasha

Skill      XL: |  1  2  3 |
---------------+----------+-----
Staves         | 1 2 |  2.3
Fighting       | 2 |  2.9
Polearms       | |  2.0
Dodging        | |  1.0
Stealth        | |  3.0
Summonings     | |  1.0
Poison Magic   | |  2.6
Evocations     | |  1.0

Action                   |  1- 3 |  4- 6 || total
-------------------------+-------+-------++-------
Melee: Quarterstaff      |    87 |    24 ||   111
Throw: Tomahawk          |     6 |       ||     6
 Abil: Spit Poison       |    16 |     2 ||    18
  Use: Scroll            |     1 |       ||     1
       Potion            |       |     2 ||     2
  Eat: Chunk             |     3 |       ||     3
Armor: Robe              |     6 |       ||     6
       Ring mail         |    28 |    16 ||    44
Dodge: Dodged            |    43 |    22 ||    65
